 Dungeon Crawl Stone Soup version 0.20.1-1-g8b1a95d (webtiles) character file.

26 letownia2 the Grave Robber (level 2, -7/22 HPs)
             Began as a Deep Dwarf Necromancer on Nov 4, 2017.
             Killed by divine providence
             ... invoked by an orc priest
              (12 damage)
             ... on level 3 of the Dungeon.
             The game lasted 00:02:33 (700 turns).

letownia2 the Grave Robber (Deep Dwarf Necromancer)  Turns: 700, Time: 00:02:34

Health: -7/22      AC:  3    Str: 11    XL:     2   Next: 89%
Magic:  5/5        EV: 12    Int: 15    God:
Gold:   18         SH:  0    Dex: 13    Spells: 4/5 levels left

rFire    . . .     SeeInvis .   a - +0 dagger
rCold    + . .     Gourm    .   (no shield)
rNeg     . . .     Faith    .   l - +0 leather armour
rPois    .         Spirit   .   (no helmet)
rElec    .         Reflect  .   (no cloak)
rCorr    .         Harm     .   (no gloves)
MR       .....                  (no boots)
Stlth    ++........             (no amulet)
Regen    0.0/turn               h - ring of protection from cold
MPRegen  0.1/turn               (no ring)

@: non-regenerating
A: damage resistance, heal wounds, sense surroundings 1, no regeneration
a: Heal Wounds


You were on level 3 of the Dungeon.
You were not hungry.

You visited 1 branch of the dungeon, and saw 4 of its levels.

You collected 18 gold pieces.

Inventory:

Hand Weapons
 a - a +0 dagger (weapon)
Missiles
 d - 14 poisoned needles
Armour
 f - a cursed -2 scale mail
 l - a +0 leather armour (worn)
 m - a +0 robe
Jewellery
 h - a ring of protection from cold (left hand)
Scrolls
 e - a scroll of fog {unknown}
 j - 2 scrolls of identify {unknown}
Potions
 g - 2 potions of invisibility {unknown}
 i - 2 potions of curing {unknown}
 n - a potion of cancellation {unknown}
Books
 b - a book of Necromancy

   Spells                             Type                      Level
   a - Pain                           Necromancy                   1
   b - Animate Skeleton               Necromancy                   1
   c - Vampiric Draining              Necromancy                   3
   d - Regeneration                   Charms/Necromancy            3
   e - Animate Dead                   Necromancy                   4
   f - Control Undead                 Necromancy                   4
Comestibles
 c - 2 bread rations
 k - a royal jelly


   Skills:
 - Level 2.1 Dodging
 - Level 2.4 Stealth
 - Level 2.1 Spellcasting
 + Level 5.2 Necromancy


You had 4 spell levels left.
You knew the following spells:

 Your Spells              Type           Power        Failure   Level  Hunger
a - Pain                  Necr           ###.         3%          1    #......


Dungeon Overview and Level Annotations

Branches:
Dungeon (4/15)
 Temple: D:4-7

Altars:

Annotations:
D:4 Ymberto's ghost, amateur DEFE


Innate Abilities, Weirdness & Mutations

You are resistant to damage.
You can heal yourself by infusing magical energy.
You passively map a small area around you.
You do not regenerate.


Message History

There is a stone staircase leading down here.
You climb downwards.
There is a stone staircase leading up here.
There is a stone staircase leading down here.
You climb downwards.
Level annotation: Ymberto's ghost, amateur DEFE
There is a stone staircase leading up, spattered with blood here.
Found a bubbling puce potion.
Found a stone staircase leading up.
You see here a short sword.
n - a bubbling puce potion
There is a stone staircase leading up here.
You climb upwards.
The hobgoblin shouts!
The orc priest shouts!
A frilled lizard and 4 orcs come into view.
The orc shouts!
The frilled lizard hisses angrily.
The orc priest calls down the wrath of Beogh upon you.
Beogh smites you!
Ouch! That really hurt!
You die...

* * * * * , *
, * , , ** * ,
* *, ** # ,.#
, ,* ####..##
, ##......#.,
* ,
*#.@....... ,
,,*#.oo.....l.
* #........!.
, *
#.o...>...h
#..........
#..o..g.... ,
#.....o..%.
##......... ,*


You could see an orc priest, 4 orcs, a jackal (wandering), a hobgoblin and a
frilled lizard.

Vanquished Creatures
  2 adders
  An ooze (D:2)
  A giant cockroach (D:2)
  A hobgoblin (D:2)
  A frilled lizard (D:1)
6 creatures vanquished.

Notes
Turn   | Place    | Note
-------+----------+-------------------------------------------
     0 | D:1      | letownia2 the Deep Dwarf Necromancer began the quest for the Orb.
     0 | D:1      | Reached XP level 1. HP: 15/15 MP: 3/3
   128 | D:2      | Reached XP level 2. HP: 16/22 MP: 0/5
   509 | D:4      | Reached skill level 5 in Necromancy
   620 | D:4      | Noticed Ymberto's ghost (amateur DEFE)
   700 | D:3      | Killed from afar by an orc priest

Skill      XL: |  1  2 |
---------------+-------+-----
Spellcasting   | 2 |  2.1
Necromancy     | 5 |  5.2
Dodging        | |  2.1
Stealth        | |  2.4

Action                   || total
-------------------------++-------
Melee: Unarmed           ||     6
 Cast: Pain              ||    23
Armor: Robe              ||     3
       Leather armour    ||     1
Dodge: Dodged            ||    23
